 Dungeon Crawl Stone Soup version 0.31-a0-986-g5e6e4ef867 (webtiles) character file.

Game seed: 5372183405774361158

4963 jlumianski the Grappler (level 10, 0/76 HPs)
             Began as a Gnoll Shapeshifter on Nov 14, 2023.
             Was an Initiate of Hepliaklqana.
             Succumbed to a gnoll sergeant's poison
             ... on level 8 of the Dungeon.
             The game lasted 00:37:26 (7793 turns).

jlumianski the Grappler (Gnoll Shapeshifter)        Turns: 7793, Time: 00:37:27

Health: 0/76       AC: 16    Str: 24    XL:     10   Next: 53%
Magic:  18/18      EV:  9    Int: 10    God:    Hepliaklqana [......]
Gold:   473        SH:  0    Dex: 11    Spells: 19/19 levels left

rFire   + .          .
                       - Unarmed
rCold   + . .        (no shield)
rNeg    . . .        z - +0 plate armour
rPois   +            B - melded +1 helmet "Xaan" {rPois rN++}
rElec   +            (cloak currently unavailable)
rCorr   +            (gloves currently unavailable)
SInv    .            (boots currently unavailable)
Will    .....        u - amulet of regeneration Stlth
                     R - +4 ring of protection
HPRegen 1.12/turn    G - +6 ring of strength
MPRegen 0.16/turn

%: no passive effects
@: lethally poisoned (0 -> -1), about to teleport, beast-form, resistant
A: beast (slay +4), fangs 1, strong nose, distributed training
a: Begin Untransformation, Renounce Religion


You were on level 8 of the Dungeon.
You worshipped Hepliaklqana.
Hepliaklqana was noncommittal.
You were a hulking beast.
You visited 2 branches of the dungeon, and saw 10 of its levels.

You collected 473 gold pieces.

Inventory:

Hand Weapons
 F - a +1 vampiric hand axe
 J - a +3 spectral quarterstaff
Missiles
 g - 41 poisoned darts (quivered)
 p - 6 curare-tipped darts
 M - 3 boomerangs
Armour
 a - a +0 pair of boots
 l - a +0 chain mail
 z - a +0 plate armour (worn)
 B - the +1 helmet "Xaan" (melded) {rPois rN++}
   (You found it on level 4 of the Dungeon)

   rPois:     It protects you from poison rN++: It greatly protects you from
   negative energy.
 O - a +0 pair of gloves
 P - a +0 kite shield
Jewellery
 h - a ring of willpower
 u - an amulet of regeneration (around neck)
 E - an amulet of guardian spirit
 G - a +6 ring of strength (right hand)
 R - a +4 ring of protection (left hand)
Talismans
 c - a beast talisman (active)
 d - a flux talisman
Wands
 b - a wand of flame (22)
 L - a wand of iceblast (3)
 Q - a wand of light (7)
Scrolls
 k - 2 scrolls of revelation
 n - a scroll of brand weapon {unknown}
 r - a scroll of torment
 s - a scroll of fog {unknown}
 t - a scroll of teleportation
 w - a scroll of immolation
 y - 2 scrolls of amnesia {unknown}
 K - a scroll of poison
 N - a scroll of enchant armour {unknown}
Potions
 x - a potion of resistance
 A - 2 potions of might
 C - a potion of magic
 D - 3 potions of brilliance
 H - a potion of attraction


   Skills:
 + Level 6.1 Fighting
 + Level 5.4 Short Blades
 + Level 5.4 Long Blades
 + Level 5.4 Axes
 + Level 5.4 Maces & Flails
 + Level 5.4 Polearms
 + Level 5.4 Staves
 + Level 5.4 Ranged Weapons
 + Level 5.4 Throwing
 + Level 5.4 Armour
 + Level 7.2 Dodging
 + Level 5.4 Stealth
 + Level 5.4 Shields
 + Level 8.6 Unarmed Combat
 + Level 5.4 Spellcasting
 + Level 4.5 Conjurations
 + Level 4.5 Hexes
 + Level 4.5 Summonings
 + Level 4.5 Necromancy
 + Level 4.5 Translocations
 + Level 4.5 Transmutations
 + Level 4.5 Fire Magic
 + Level 4.5 Ice Magic
 + Level 4.5 Air Magic
 + Level 4.5 Earth Magic
 + Level 4.5 Poison Magic
 + Level 6.0 Invocations
 + Level 5.4 Evocations
 + Level 8.3 Shapeshifting


You had 19 spell levels left.
You didn't know any spells.
Your spell library contained the following spells:

 Spells                   Type           Power      Damage    Failure   Level
 Slow                     Hex            44%        N/A       47%         1
 Blink                    Tloc           22%        N/A       63%         2
 Ensorcelled Hibernation  Hex/Ice        22%        N/A       63%         2
 Lesser Beckoning         Tloc           22%        N/A       63%         2
 Momentum Strike          Conj/Tloc      22%        3d8       63%         2
 Passwall                 Tmut/Erth      9%         N/A       63%         2
 Confusing Touch          Hex            11%        N/A       85%         3
 Sigil of Binding         Hex            11%        N/A       85%         3
 Swiftness                Air            11%        N/A       85%         3
 Vampiric Draining        Necr           11%        2d6       85%         3
 Anguish                  Hex/Necr       5%         N/A       99%         4
 Cause Fear               Hex            5%         N/A       99%         4
 Enfeeble                 Hex            5%         N/A       100%        7


Dungeon Overview and Level Annotations

Branches:
Dungeon (9/15)             Temple (1/1) D:7            Lair (0/5) D:8
    Orc: D:9-12

Altars:
Ashenzari
Cheibriados
Dithmenos
Elyvilon
Fedhas
Gozag
Hepliaklqana
Kikubaaqudgha
Makhleb
Nemelex Xobeh
Okawaru
Qazlal
Ru
Sif Muna
Uskayaw
Vehumet
Wu Jian
Xom
Yredelemnul
Zin
The Shining One

Shops:
D:1 *(   D:7 [


Innate Abilities, Weirdness & Mutations

You are a hulking beast.
Your limbs bulge with bestial killing power. (Slay +4)
You have very sharp teeth.
Your uncanny sense of smell can sniff out nearby items.
Your experience applies equally to all skills.


Message History

The gnoll hits you but does no damage.
You climb upwards.
You feel very sick.
There is a stone staircase leading down, spattered with blood here.
You punch the gnoll!
You kill the gnoll!
You feel sick.
The gnoll sergeant hits you with a +0 spear of venom!
You are more poisoned.
The gnoll hits you but does no damage.
The gnoll hits you with a +0 spear of freezing.
The gnoll freezes you.
* * * LOW HITPOINT WARNING * * *
Okay, then.
You feel very sick.
The gnoll sergeant hits you from afar with a +0 spear of venom.
* * * LOW HITPOINT WARNING * * *
The gnoll hits you with a +0 club.
* * * LOW HITPOINT WARNING * * *
The gnoll barely misses you.
Things that are here:
a +0 club; a gnoll corpse; a howler monkey skeleton
As you read the scroll of fear, it crumbles to dust.
You assume a fearsome visage.
The gnoll looks frightened!
The gnoll sergeant looks frightened!
The gnoll looks frightened!
* * * LOW HITPOINT WARNING * * *
You feel very sick.
You feel protected.
* * * LOW HITPOINT WARNING * * *
You feel very sick.
As you read the scroll of teleportation, it crumbles to dust.
You feel strangely unstable.
* * * LOW HITPOINT WARNING * * *
You feel sick.
* * * LOW HITPOINT WARNING * * *
You feel very sick.
* * * LOW HITPOINT WARNING * * *
You feel sick.
Items here: )))) [[.
You die...

#...#...#.......##.#####
#...#...#..............#
#..###..#..............# #..#
#..#..............# ## #.##
##.#.<............# .# #_#
#_##.####........#
.############.# ##.l......#
...###........###.........#
##..........####h.#########
####.......## #)##
##.......###.#
####.........#)################
#......###...÷>.......)..))....
#......###....÷.....###########
#...................#
#......###..........# #......#
#........g.# ######


You could see a wyvern.

Vanquished Creatures
  A two-headed ogre (D:8)
  Jeremiah (D:7)
  An unseen horror (D:7)
  A komodo dragon (D:8)
  A wyvern (D:8)
  A yak (D:8)
  A basilisk (D:8)
  Menkaure (D:7)
  A water moccasin (D:7)
  2 orc warriors (D:8)
  2 ogres (D:6)
  2 centaurs
  5 kobold brigands
  4 bullfrogs
  A gnoll sergeant (D:7)
  4 wights (D:8)
  5 killer bees (D:8)
  11 howler monkeys
  6 hounds
  6 jellies
  4 orc priests
  Crazy Yiuf (D:7)
  Terence (D:2)
  2 orc wizards
  A sleepcap (D:7)
  9 gnolls
  10 adders
  2 white imps
  A worm (D:2)
  A dart slug (D:1)
  22 orcs
  5 ball pythons
  4 bats
  9 endoplasms
  A giant cockroach (D:2)
  9 goblins
  4 hobgoblins
  3 jackals (D:3)
  34 kobolds
  3 quokkas (D:1)
  5 frilled lizards
  5 rats
193 creatures vanquished.

Notes
Turn   | Place    | Note
-------+----------+-------------------------------------------
     0 | D:1      | jlumianski the Gnoll Shapeshifter began the quest for the
                  | Orb.
     0 | D:1      | Reached XP level 1. HP: 17/17 MP: 1/1
     7 | D:1      | Found Oteosopna's Weapon Boutique.
   142 | D:1      | Reached XP level 2. HP: 23/23 MP: 2/2
   244 | D:2      | Noticed Terence
   250 | D:2      | Killed Terence
   251 | D:2      | Reached skill level 1 in Invocations
   251 | D:2      | Reached XP level 3. HP: 24/28 MP: 2/4
   336 | D:1      | Found Acuguocu's Assorted Antiques.
   423 | D:1      | Reached skill level 1 in Short Blades
   423 | D:1      | Reached skill level 1 in Long Blades
   423 | D:1      | Reached skill level 1 in Axes
   423 | D:1      | Reached skill level 1 in Maces & Flails
   423 | D:1      | Reached skill level 1 in Polearms
   423 | D:1      | Reached skill level 1 in Staves
   423 | D:1      | Reached skill level 1 in Ranged Weapons
   423 | D:1      | Reached skill level 1 in Throwing
   423 | D:1      | Reached skill level 1 in Armour
   423 | D:1      | Reached skill level 1 in Stealth
   423 | D:1      | Reached skill level 1 in Shields
   423 | D:1      | Reached skill level 1 in Spellcasting
   423 | D:1      | Reached skill level 1 in Evocations
   727 | D:1      | Reached XP level 4. HP: 34/34 MP: 5/5
   737 | D:1      | Found a faded altar of an unknown god.
   873 | D:3      | Reached skill level 1 in Conjurations
   873 | D:3      | Reached skill level 1 in Hexes
   873 | D:3      | Reached skill level 1 in Summonings
   873 | D:3      | Reached skill level 1 in Necromancy
   873 | D:3      | Reached skill level 1 in Translocations
   873 | D:3      | Reached skill level 1 in Transmutations
   873 | D:3      | Reached skill level 1 in Fire Magic
   873 | D:3      | Reached skill level 1 in Ice Magic
   873 | D:3      | Reached skill level 1 in Air Magic
   873 | D:3      | Reached skill level 1 in Earth Magic
   873 | D:3      | Reached skill level 1 in Poison Magic
  1345 | D:2      | Reached XP level 5. HP: 39/40 MP: 6/6
  1882 | D:4      | Identified the +1 helmet "Xaan" {rPois rN++}
  2339 | D:3      | Found a blossoming altar of Fedhas.
  2436 | D:3      | Found an opulent altar of Gozag.
  2954 | D:4      | Reached XP level 6. HP: 47/47 MP: 8/8
  3243 | D:5      | Entered Level 5 of the Dungeon
  3248 | D:4      | Reached skill level 5 in Dodging
  3342 | D:4      | Reached XP level 7. HP: 50/52 MP: 10/10
  3702 | D:5      | Found a glowing silver altar of Zin.
  3929 | D:6      | Reached XP level 8. HP: 48/60 MP: 12/12
  4973 | D:7      | Noticed Menkaure
  4980 | D:7      | Killed Menkaure
  5338 | D:7      | Found a staircase to the Ecumenical Temple.
  5368 | D:7      | Killed an unseen horror
  5369 | D:7      | Reached XP level 9. HP: 45/67 MP: 13/15
  5577 | D:7      | Reached skill level 5 in Fighting
  5624 | D:7      | Noticed Jeremiah
  5627 | D:7      | Found Movo's Armour Emporium.
  5627 | D:7      | Noticed an animated pearl dragon scales
  5627 | D:7      | Noticed an animated gold dragon scales
  5648 | D:7      | Killed Jeremiah
  5725 | D:7      | Found a runed translucent door.
  5726 | D:7      | Noticed Crazy Yiuf
  5732 | D:7      | Killed Crazy Yiuf
  6102 | D:8      | Reached skill level 5 in Invocations
  6109 | D:9      | Noticed a troll
  6515 | D:8      | Noticed a komodo dragon
  6543 | D:8      | Killed a komodo dragon
  6544 | D:8      | Reached skill level 5 in Short Blades
  6544 | D:8      | Reached skill level 5 in Long Blades
  6544 | D:8      | Reached skill level 5 in Axes
  6544 | D:8      | Reached skill level 5 in Maces & Flails
  6544 | D:8      | Reached skill level 5 in Polearms
  6544 | D:8      | Reached skill level 5 in Staves
  6544 | D:8      | Reached skill level 5 in Ranged Weapons
  6544 | D:8      | Reached skill level 5 in Throwing
  6544 | D:8      | Reached skill level 5 in Armour
  6544 | D:8      | Reached skill level 5 in Stealth
  6544 | D:8      | Reached skill level 5 in Shields
  6544 | D:8      | Reached skill level 5 in Spellcasting
  6544 | D:8      | Reached skill level 5 in Evocations
  6544 | D:8      | Reached XP level 10. HP: 68/76 MP: 17/17
  6599 | D:8      | Found a staircase to the Lair.
  7021 | D:8      | Found a white marble altar of Elyvilon.
  7024 | D:8      | Found a broken altar of Ashenzari.
  7024 | D:8      | Found a shadowy altar of Dithmenos.
  7036 | D:8      | Found a basalt altar of Yredelemnul.
  7036 | D:8      | Found a shimmering blue altar of Sif Muna.
  7304 | Temple   | Entered the Ecumenical Temple
  7319 | Temple   | Became a worshipper of Hepliaklqana the Forgotten
  7377 | D:9      | Noticed a two-headed ogre
  7715 | D:8      | Killed a two-headed ogre
  7790 | D:8      | HP: 3/76 [poisoned by a gnoll sergeant]
  7791 | D:8      | HP: 1/76 [poisoned by a gnoll sergeant]
  7793 | D:8      | Succumbed to a gnoll sergeant's poison

Illustrated notes

Levels and vault maps discovered:
D:1:      saegor_arrival_simple_e, layout_rooms,
          hellmonk_ecumenical_altar_prayer_group, serial_shops, shop, shop
D:2:      layout_loops_ring, chequers_serial_rivers_small_b,
          minmay_quadrilaterals, uniq_terence
D:3:      minmay_chambers_of_threes, layout_basic,
          lemuel_coloured_pillars_altar, fedhas_altar_fruit_tree,
          columned_hall_lemuel
D:4:      layout_gridville
D:5:      layout_cave_pools, nicolae_overflow_hidden_temple
D:6:      layout_gridville, hangedman_decor_peaks_small
D:7:      layout_basic, minmay_temple_entry_from_below_a, serial_shops,
          nicolae_shop_mannequins, uniq_menkaure, uniq_crazy_yiuf_cottage,
          uniq_jeremiah
D:8:      layout_basic, minmay_overflow_temple_star_hex, david_lair_shrubbed
D:9:      layout_cave_pools, trog_butcher_becter, st_stairs_2
Temple:   nicolae_temple_ecumenical_triangle

Skill      XL: |  1  2  3  4  5  6  7  8  9 10 |
---------------+-------------------------------+-----
Invocations    | 1 2 3 4 5 6 |  6.0
Short Blades   | 1 2 3 4 5 |  5.4
Long Blades    | 1 2 3 4 5 |  5.4
Axes           | 1 2 3 4 5 |  5.4
Maces & Flails | 1 2 3 4 5 |  5.4
Polearms       | 1 2 3 4 5 |  5.4
Staves         | 1 2 3 4 5 |  5.4
Ranged Weapons | 1 2 3 4 5 |  5.4
Throwing       | 1 2 3 4 5 |  5.4
Armour         | 1 2 3 4 5 |  5.4
Stealth        | 1 2 3 4 5 |  5.4
Shields        | 1 2 3 4 5 |  5.4
Spellcasting   | 1 2 3 4 5 |  5.4
Evocations     | 1 2 3 4 5 |  5.4
Conjurations   | 1 2 3 4 |  4.5
Hexes          | 1 2 3 4 |  4.5
Summonings     | 1 2 3 4 |  4.5
Necromancy     | 1 2 3 4 |  4.5
Translocations | 1 2 3 4 |  4.5
Transmutations | 1 2 3 4 |  4.5
Fire Magic     | 1 2 3 4 |  4.5
Ice Magic      | 1 2 3 4 |  4.5
Air Magic      | 1 2 3 4 |  4.5
Earth Magic    | 1 2 3 4 |  4.5
Poison Magic   | 1 2 3 4 |  4.5
Fighting       | 3 4 5 6 |  6.1
Dodging        | 5 6 7 |  7.2
Unarmed Combat | 7 8 |  8.6
Shapeshifting  | 7 8 |  8.3

Action                     |  1- 3 |  4- 6 |  7- 9 | 10-12 || total
---------------------------+-------+-------+-------+-------++-------
  Melee: Unarmed           |    69 |   130 |   251 |    66 ||   516
         Bite              |     2 |    12 |    23 |    11 ||    48
         Punch             |     1 |     8 |    10 |     4 ||    23
         Quarterstaff      |       |       |       |     6 ||     6
  Throw: Dart              |     1 |     4 |     9 |       ||    14
  Evoke: Wand              |       |       |     4 |     2 ||     6
    Use: Scroll            |       |     7 |     4 |     7 ||    18
         Potion            |       |     2 |     6 |     1 ||     9
   Stab: Petrified         |       |       |     4 |       ||     4
         Invisible         |       |       |     1 |     2 ||     3
 Armour: Animal skin       |     6 |       |       |       ||     6
         Chain mail        |    34 |    23 |       |       ||    57
         Plate armour      |       |    87 |   245 |   142 ||   474
         Skin              |       |       |     1 |       ||     1
  Dodge: Dodged            |    34 |    38 |    83 |    72 ||   227
   Form: Beast             |       |       |       |     2 ||     2
                           |       |       |       |     1 ||     1

Table legend: (Time is in decaauts)
 A = Elapsed time spent in this place.
 B = Non-inter-level travel time spent in this place.
 C = Inter-level travel time spent in this place.
 D = Time resting spent in this place.
 E = Time spent auto-exploring this place.
 F = Levels seen in this place.
 G = Mean time per level.
                   A        B        C        D        E       F      G
               +--------+--------+--------+--------+--------+-----+--------+
         Total |   7784 |   7511 |    273 |    419 |   3622 |  10 |  778.4 |
       Dungeon |   7741 |   7469 |    272 |    419 |   3622 |   9 |  860.1 |
        Temple |     42 |     42 |      0 |      0 |      0 |   1 |   42.0 |
               +--------+--------+--------+--------+--------+-----+--------+

Top non-repeatable levels by time:
     D:8: 1858 daAuts
     D:3: 1202 daAuts
     D:7: 937 daAuts
     D:6: 934 daAuts
     D:2: 739 daAuts
     D:1: 691 daAuts
     D:4: 676 daAuts
     D:5: 632 daAuts
     D:9: 69 daAuts
  Temple: 42 daAuts
